 Dungeon Crawl Stone Soup version 0.29.1-12-g30fa7ad0bf (webtiles) character file.

Game seed: 7704060817318207766

9673 rakiston the Severer (level 11, -5/107 HPs)
             Began as a Minotaur Berserker on Jan 16, 2023.
             Was a Priest of Trog.
             Slain by a two-headed ogre
             ... wielding a +0 giant spiked club
              (7 damage)
             ... on level 9 of the Dungeon on Jan 17, 2023.
             The game lasted 00:36:40 (9159 turns).

rakiston the Severer (Minotaur Berserker)           Turns: 9159, Time: 00:36:41

Health: -5/107     AC: 17    Str: 32    XL:     11   Next: 26%
Magic:  10/10      EV:  8    Int:  4    God:    Trog [***...]
Gold:   345        SH:  0    Dex: 10    Spells: 10/10 levels left

rFire   . . .      SeeInvis .   P - +0 war axe
rCold   . . .      Faith    .   (no shield)
rNeg    . . .      Spirit   .   n - +0 plate armour
rPois   .          Reflect  .   g - +2 hat
rElec   .          Harm     .   J - +0 cloak
rCorr   .          Rampage  .   (no gloves)
Will    +....      Rage     3%  (no boots)
Stlth   ..........              (no amulet)
HPRegen 0.27/turn               s - ring of willpower
MPRegen 0.12/turn               y - +6 ring of strength

@: on berserk cooldown, slowed, unable to drink, very slow
A: horns 2, retaliatory headbutt, iridescent scales 1, berserk 1, inability to
drink after injury 1
a: Renounce Religion, Berserk, Trog's Hand


You were on level 9 of the Dungeon.
You worshipped Trog.
Trog was most pleased with you.
You visited 1 branch of the dungeon, and saw 12 of its levels.

You collected 457 gold pieces.
You spent 112 gold pieces at shops.

Inventory:

Hand Weapons
 a - a +0 hand axe
 E - a +3 flail
 P - a +0 war axe (weapon)
Missiles
 C - 3 curare-tipped darts (quivered)
 G - 2 poisoned darts
 M - 2 javelins
Armour
 b - a +0 animal skin
 c - a +0 ring mail
 g - a +2 hat (worn)
 i - a +0 scale mail
 n - a +0 plate armour (worn)
 J - a +0 cloak (worn)
Jewellery
 j - an amulet of guardian spirit
 s - a ring of willpower (left hand)
 t - a ring of protection from cold
 y - a +6 ring of strength (right hand)
Wands
 F - a wand of iceblast (9)
 H - a wand of charming (16)
Scrolls
 d - a scroll of fear
 h - a scroll of blinking
 k - a scroll of brand weapon
 l - a scroll of poison
 m - a scroll of enchant weapon
 o - 2 scrolls of magic mapping
 q - 2 scrolls of noise
 u - 6 scrolls of teleportation
 w - a scroll of amnesia
 x - 2 scrolls of immolation {unknown}
 D - a scroll of vulnerability {unknown}
 I - a scroll of enchant armour {unknown}
 K - a scroll of fog {unknown}
Potions
 e - 4 potions of curing
 f - a potion of ambrosia
 p - 2 potions of mutation
 r - 3 potions of degeneration
 v - 3 potions of lignification
 z - a potion of might {unknown}
 A - a potion of haste {unknown}
 B - a potion of resistance
 L - a potion of cancellation {unknown}
 N - a potion of flight {unknown}
 O - a potion of heal wounds


   Skills:
 + Level 13.2 Fighting
 - Level 16.4 Axes
 - Level 0.3 Throwing
 + Level 4.1 Armour
 - Level 2.5 Dodging


You had 10 spell levels left.
You didn't know any spells.
Your spell library was empty.

Dungeon Overview and Level Annotations

Branches:
Dungeon (12/15)            Temple (0/1) D:4
   Lair: D:8-11         Orc: D:9-12

Altars:
Elyvilon
Yredelemnul

Shops:
D:6 ((   D:9 *

Annotations:
D:5 3 runed translucent doors, TheGhostDragon953's ghost, novice MiBe


Innate Abilities, Weirdness & Mutations

You have a pair of horns on your head.
You reflexively headbutt those who attack you in melee.
You are partially covered in iridescent scales. (AC +2)
You sometimes lose your temper in combat.
You occasionally lose the ability to drink potions when taking damage.


Message History

Trog accepts your kill.
Your Armour skill increases to level 4!
A two-headed ogre comes into view.
It is wielding two +0 giant spiked clubs.
You feel a strong urge to attack something.
The two-headed ogre shouts in stereo!
The two-headed ogre moves out of view.
A two-headed ogre comes into view.
It is wielding two +0 giant spiked clubs.
Found a scroll labelled FIELERAI HEWKE.
You feel your anger nearly subside.
You are no longer berserk.
You are exhausted.
You feel yourself slow down.
A troll comes into view.
The troll shouts!
The troll moves out of view.
You slice the two-headed ogre!!
The two-headed ogre is heavily wounded.
The two-headed ogre hits you with a +0 giant spiked club!!
The two-headed ogre hits you with a +0 giant spiked club.
You slash the two-headed ogre!
Your headbutt misses the two-headed ogre.
The two-headed ogre is almost dead.
The two-headed ogre completely misses you.
The two-headed ogre hits you with a +0 giant spiked club!
You feel threatened and lose the ability to drink potions!
You completely miss the two-headed ogre.
The two-headed ogre is almost dead.
You can drink potions again.
You hit the two-headed ogre but do no damage.
Your headbutt misses the two-headed ogre.
The two-headed ogre is almost dead.
The two-headed ogre hits you with a +0 giant spiked club!
The two-headed ogre hits you with a +0 giant spiked club.
You hit the two-headed ogre but do no damage.
You headbutt the two-headed ogre!
The two-headed ogre is almost dead.
The two-headed ogre hits you with a +0 giant spiked club!!
You feel threatened and lose the ability to drink potions!
* * * LOW HITPOINT WARNING * * *
The two-headed ogre hits you with a +0 giant spiked club!
You die...

####.###....#
######
#.#.######..
#.#.........
#.........# #
#.#....####..
#.#####....
#.#....####
#.........###
###.@O.T...?#
#.######...#
###....# ...#
..##$# ..#
#...### ##
##.....
###... ###


You could see a two-headed ogre and a troll.

Vanquished Creatures
  4 boulder beetles
  2 two-headed ogres
  2 ugly things
  Maurice (D:9)
  Maggie (D:7)
  A komodo dragon (D:11)
  2 wraiths
  7 yaks
  2 vampire mosquitoes (D:12)
  An acid dragon (D:12)
  An orc warrior (D:9)
  2 ice beasts
  2 sky beasts (D:7)
  4 ogres
  3 centaurs
  3 phantoms (D:5)
  3 necrophages
  2 bullfrogs (D:8)
  7 scorpions
  4 wights (D:8)
  2 hounds
  3 jellies
  6 orc priests
  An iguana (D:5)
  Terence (D:2)
  3 orc wizards
  4 adders
  An ufetubus (D:5)
  4 worms
  A dart slug (D:1)
  18 orcs
  4 endoplasms
  5 giant cockroaches
  6 goblins
  5 hobgoblins
  8 jackals
  2 quokkas
  4 ball pythons
  3 bats
  8 frilled lizards
  10 kobolds
  4 rats
157 creatures vanquished.

Vanquished Creatures (others)
  2 withered plants (D:1)
2 creatures vanquished.

Grand Total: 159 creatures vanquished

Notes
Turn   | Place    | Note
-------+----------+-------------------------------------------
     0 | D:1      | rakiston the Minotaur Berserker began the quest for the
                  | Orb.
     0 | D:1      | Reached XP level 1. HP: 19/19 MP: 0/0
   145 | D:1      | Reached XP level 2. HP: 23/27 MP: 1/1
   202 | D:1      | Reached skill level 4 in Axes
   448 | D:1      | Found a faded altar of an unknown god.
   546 | D:1      | Reached ** piety under Trog
   547 | D:1      | Reached XP level 3. HP: 33/33 MP: 2/2
  1083 | D:2      | Noticed Terence
  1087 | D:2      | Killed Terence
  1209 | D:2      | Reached XP level 4. HP: 40/41 MP: 3/3
  1842 | D:3      | Reached skill level 5 in Axes
  2197 | D:3      | Noticed an ogre
  2202 | D:3      | Killed an ogre
  2203 | D:3      | Reached skill level 5 in Fighting
  2203 | D:3      | Reached skill level 6 in Axes
  2203 | D:3      | Reached XP level 5. HP: 48/48 MP: 4/4
  2423 | D:4      | Found a staircase to the Ecumenical Temple.
  2601 | D:4      | Noticed an ogre
  2608 | D:4      | Killed an ogre
  2609 | D:4      | Reached XP level 6. HP: 44/56 MP: 5/5
  2768 | D:4      | Reached skill level 7 in Axes
  3069 | D:4      | Reached skill level 8 in Axes
  3069 | D:4      | Reached XP level 7. HP: 62/62 MP: 6/6
  3262 | D:5      | Entered Level 5 of the Dungeon
  3414 | D:5      | Gained mutation: You sometimes lose your temper in combat.
                  | [potion of mutation]
  3414 | D:5      | Gained mutation: You occasionally lose the ability to drink
                  | potions when taking damage. [potion of mutation]
  3414 | D:5      | Gained mutation: You are partially covered in iridescent
                  | scales. (AC +2) [potion of mutation]
  3642 | D:5      | Reached skill level 9 in Axes
  3907 | D:5      | Reached *** piety under Trog
  3985 | D:5      | Found a runed translucent gate.
  3986 | D:5      | Found a runed translucent gate.
  3987 | D:5      | Found a runed translucent gate.
  3988 | D:5      | Noticed TheGhostDragon953's ghost (novice MiBe)
  4042 | D:5      | Reached skill level 10 in Axes
  4042 | D:5      | Reached XP level 8. HP: 71/71 MP: 7/7
  4519 | D:6      | Found Pairoec's Antique Weapon Shoppe.
  4761 | D:6      | Noticed a green ugly thing
  4770 | D:6      | Killed a green ugly thing
  4771 | D:6      | Reached skill level 11 in Axes
  5190 | D:6      | Noticed a four-headed hydra
  5225 | D:5      | Reached skill level 12 in Axes
  5329 | D:6      | Found Uskedghua's Weapon Shoppe.
  5385 | D:7      | Reached XP level 9. HP: 81/81 MP: 8/8
  5864 | D:7      | Found a white marble altar of Elyvilon.
  5914 | D:7      | Noticed Maggie
  5926 | D:7      | Killed Maggie
  5927 | D:7      | Reached skill level 13 in Axes
  5956 | D:7      | Found a basalt altar of Yredelemnul.
  6384 | D:8      | Reached skill level 14 in Axes
  7032 | D:8      | Reached skill level 10 in Fighting
  7467 | D:9      | Noticed a two-headed ogre
  7475 | D:9      | Killed a two-headed ogre
  7476 | D:9      | Reached XP level 10. HP: 94/94 MP: 9/9
  7559 | D:9      | You fall into a shaft and drop 3 floors!
  7588 | D:12     | Noticed a two-headed ogre
  7588 | D:12     | Noticed a boulder beetle
  7609 | D:12     | Killed a two-headed ogre
  7610 | D:12     | Reached skill level 15 in Axes
  7628 | D:12     | Killed a boulder beetle
  8047 | D:12     | Noticed a cyan ugly thing
  8053 | D:12     | Killed a cyan ugly thing
  8055 | D:12     | Noticed a boulder beetle
  8079 | D:12     | Killed a boulder beetle
  8080 | D:12     | Reached skill level 16 in Axes
  8237 | D:12     | Noticed a boulder beetle
  8266 | D:12     | Reached XP level 11. HP: 95/105 MP: 10/10
  8285 | D:12     | Killed a boulder beetle
  8623 | D:10     | Entered Level 10 of the Dungeon
  8850 | D:9      | Found Dutenas's General Store.
  8859 | D:9      | Bought a potion of heal wounds for 70 gold pieces
  8859 | D:9      | Bought a scroll of teleportation for 42 gold pieces
  8981 | D:9      | Noticed Maurice
  8987 | D:9      | Killed Maurice
  9130 | D:9      | Noticed a boulder beetle
  9142 | D:9      | Killed a boulder beetle
  9144 | D:9      | Noticed a two-headed ogre
  9145 | D:9      | Noticed a two-headed ogre
  9159 | D:9      | HP: 2/107 [two-headed ogre/+0 giant spiked club (32)]
  9159 | D:9      | Slain by a two-headed ogre

Illustrated notes

Levels and vault maps discovered:
D:1:      amcnicky_arrival_gap_in_the_tavern_cellar, layout_basic,
          ebering_ecumenical_altar_petrified, minmay_surrounded
D:2:      layout_basic, uniq_terence
D:3:      layout_basic
D:4:      layout_basic, temple_hall, chequers_serial_rivers_micro_e,
          dreamdust_princess_bridge
D:5:      minmay_evil_eye, layout_loops_corners, ebering_ghost_rock_garden,
          st_stairs_2
D:6:      layout_basic, serial_shops, nicolae_shop_bloodbath_and_beyond,
          nicolae_shop_waterfront, nicolae_shop_competitors_out_of_business,
          nicolae_shop_stone, nrook_mini_vaults, kb_rosetta
D:7:      layout_gridville, kennysheep_ying_yang, uniq_maggie
D:8:      layout_cave_pods
D:9:      layout_basic, serial_shops, shop, minmay_puff, uniq_maurice
D:10:     layout_loops_corners, chequers_temple_overflow_minitemple,
          david_orc_2, minivault_21, uniq_harold
D:11:     layout_long_grid, lair_entry_dummy
D:12:     layout_layer_cave, hellmonk_guarded_unrand_cigotuvi

Skill      XL: |  1  2  3  4  5  6  7  8  9 10 11 |
---------------+----------------------------------+-----
Fighting       | 4 5 6 8 10 12 13 | 13.2
Axes           | 4 6 8 10 12 14 16 | 16.4
Armour         | 3 4 |  4.1
Throwing       | |  0.3
Dodging        | |  2.5

Action                   |  1- 3 |  4- 6 |  7- 9 | 10-12 || total
-------------------------+-------+-------+-------+-------++-------
Melee: Hand axe          |    76 |   108 |   282 |   107 ||   573
       Headbutt          |    10 |    16 |    42 |    35 ||   103
       Punch             |       |       |     4 |     5 ||     9
       War axe           |       |       |       |    20 ||    20
Throw: Dart              |       |       |       |     2 ||     2
Invok: Berserk           |     1 |     2 |     2 |     5 ||    10
       Trog's Hand       |       |       |     1 |       ||     1
  Use: Scroll            |     3 |     6 |     3 |       ||    12
       Potion            |       |       |     4 |     2 ||     6
Armor: Ring mail         |    20 |       |       |       ||    20
       Animal skin       |     1 |       |       |       ||     1
       Scale mail        |     6 |    18 |       |       ||    24
       Plate armour      |       |    36 |   104 |    24 ||   164
Dodge: Dodged            |    41 |    32 |    57 |    21 ||   151
